AoeStats
← E-d-d-i-e91G

Pilgrims

509571461Analyzed
2v2 RM · 6d ago on Sep 27, 2026· 49m 25s· 4 players
Game mode
Random Map
Map size
Medium (4 player)
Population
200
Speed
Normal
Resources
Standard
Victory
Conquest
Starting age
Dark Age
Ending age
Imperial Age
RankedLock teamsTeams togetherTeam positionsShared explorationLock speedFull tech treeHidden civsTurbo modeCheats
Victory
Defeat
🇹🇭 Celts · Thailand
598
+11
🇫🇷 Huns · France
479
+16
🇦🇺 Mongols · Australia
498
-14
🇦🇺 Wu · Australia
479
-13
Van Cola
11:42 Feudal Age
12:59 Wheelbarrow
12:10 Town Watch
12:10 Loom
12:06 Man-at-Arms
16:39 Fishing Lines
18:02 Double-Bit Axe
22:12 Castle Age
24:49 Hand Cart
24:35 Town Patrol
25:30 Gillnets
25:52 Medium Warships
29:12 Long Swordsman
29:38 Gambesons
32:12 Bow Saw
31:44 Horse Collar
31:57 Gold Mining
31:58 Stone Mining
35:22 Light Cavalry
42:51 Imperial Age
43:33 Hand Cart
43:18 Town Patrol
44:41 Capped Ram
46:49 Gold Shaft Mining
46:49 Stone Shaft Mining
49:00 Heavy Warships
Gojira
4:49 Loom
15:57 Feudal Age
17:02 Man-at-Arms
18:32 Wheelbarrow
17:42 Town Watch
18:30 Fishing Lines
18:45 Double-Bit Axe
18:56 Stone Mining
18:56 Gold Mining
18:55 Horse Collar
21:05 Bloodlines
23:23 Castle Age
27:34 Fervor
28:56 Murder Holes
29:22 Ballistics
34:49 Imperial Age
32:46 Hand Cart
32:36 Long Swordsman
35:32 Two-Handed Swordsman
37:19 Elite Tarkan
39:24 Chemistry
37:58 Cavalier
38:40 Husbandry
39:39 Paladin
E-d-d-i-e91G
10:48 Feudal Age
12:39 Fishing Lines
14:22 Wheelbarrow
13:34 Town Watch
17:35 Double-Bit Axe
19:38 Fletching
21:23 Horse Collar
22:25 Forging
22:29 Padded Archer Armor
26:50 Man-at-Arms
35:55 Castle Age
34:14 Scale Mail Armor
39:16 Bodkin Arrow
40:35 Squires
IAMASTROMAN9714
11:54 Feudal Age
12:43 Man-at-Arms
13:11 Man-at-Arms
19:15 Wheelbarrow
19:13 Fishing Lines
21:31 Arson
26:31 Forging
26:22 Scale Mail Armor
28:32 Scale Barding Armor
31:14 Bloodlines
31:09 Horse Collar
33:40 Fishing Lines
46:18 Double-Bit Axe
Connection lost

Rejoining the realm…

Still unreachable

The connection could not be restored.

Session expired

The server has moved on; the page needs a fresh start.